 Dungeon Crawl Stone Soup version 0.22.0-2-ge58baed0e8 (webtiles) character file.

525 Chiseanne the Covert (level 7, -5/33 HPs)
             Began as a Spriggan Assassin on Aug 13, 2018.
             Was an Initiate of Ashenzari.
             Killed from afar by an orc wizard (9 damage)
             ... with a puff of flame
             ... on level 4 of the Dungeon.
             The game lasted 00:12:27 (3144 turns).

Chiseanne the Covert (Spriggan Assassin)            Turns: 3144, Time: 00:12:28

Health: -5/33      AC:  3    Str:  9    XL:     7   Next: 2%
Magic:  8/8        EV: 21    Int: 12    God:    Ashenzari [......]
Gold:   170        SH:  0    Dex: 20    Spells: 6/6 levels left

rFire    . . .     SeeInvis +   d - +4 hand axe
rCold    . . .     Gourm    .   (shield restricted)
rNeg     . . .     Faith    .   o - +0 robe
rPois    .         Spirit   .   (helmet restricted)
rElec    .         Reflect  .   c - +0 cloak (curse)
rCorr    .         Harm     .   (gloves unavailable)
MR       +....                  (boots unavailable)
Stlth    +++++.....             (no amulet)
HPRegen  0.11/turn              p - +2 ring of strength
MPRegen  0.11/turn              (no ring)

@: lethally poisoned (-5 -> -6), very quick
A: very small, unfitting armour, see invisible, herbivore, speed 3, slow
metabolism 2
a: Curse Item, Renounce Religion


You were on level 4 of the Dungeon.
You worshipped Ashenzari.
Ashenzari was noncommittal.
You were not hungry.

You visited 1 branch of the dungeon, and saw 4 of its levels.

You collected 170 gold pieces.

Inventory:

Hand Weapons
 a - a +2 dagger
 d - a +4 hand axe (weapon)
 s - a +0 mace of protection
 w - a +0 blowgun
Missiles
 b - 19 bolts
 f - 32 arrows
 k - 157 stones (quivered)
 l - 8 sling bullets
Armour
 c - a cursed +0 cloak (worn)
 o - a +0 robe (worn)
Jewellery
 p - a +2 ring of strength (left hand)
 y - an uncursed ring of fire
Wands
 n - a wand of polymorph (19)
Scrolls
 h - 4 scrolls of identify
 i - 3 scrolls of immolation
 j - a scroll of remove curse
Potions
 e - a potion of haste
 m - a potion of lignification
 t - a potion of curing {unknown}
 u - a potion of berserk rage {unknown}
 v - 2 potions of heal wounds {unknown}
Comestibles
 g - 6 rations


   Skills:
 - Level 1.5 Fighting
 + Level 4.5 Short Blades
 - Level 2.0 Throwing
 + Level 5.3 Dodging
 * Level 10.0 Stealth


You had 6 spell levels left.
You didn't know any spells.
Your spell library was empty.

Dungeon Overview and Level Annotations

Branches:
Dungeon (4/15)
 Temple: D:4-7

Altars:
Ashenzari
Gozag
Hepliaklqana
Makhleb
Nemelex Xobeh
Wu Jian


Innate Abilities, Weirdness & Mutations

You are very small and have problems with some larger weapons.
You are too small for most types of armour.
You have supernaturally acute eyesight. (SInv)
You are a herbivore.
You cover ground extremely quickly.
You need to consume almost no food.


Message History

A worker ant comes into view.
You feel sick.
As you read the scroll labeled MYOMUIF UMU, it crumbles to dust.
You assume a fearsome visage.
The shadow imp is unaffected.
The howler monkey looks frightened!
It was a scroll of fear.
You feel sick.
You feel sick. The shadow imp misses you.
Found a glowing silvery potion.
A leopard gecko comes into view.
An orc wizard comes into view. It is wielding a dagger.
The leopard gecko moves out of view.
An orc comes into view. It is wielding a club.
The orc shouts!
You hear an angry hiss.
A ball python comes into view.
You feel sick.
The orc wizard gestures at you while chanting.
You resist with almost no effort.
The ooze jiggles.
The orc wizard points at you and mumbles some strange words.
The puff of flame hits you!
You die...

#####............#
.#......h.....J...#
.........#.......†)###
..#.#.#..).......a...# #.
#............†##†## ..
#.#...........##..####### .
#.....##.......##)))......
....##.###########J........
...## ..#
#@...a.5a..>...... .#.
#..S.....#####.........
#..###...# ########## ..
.....# ##ol.o# #....#
#.#### ..


You could see 2 worker ants, an orc wizard, a shadow imp, an orc, a leopard
gecko (wandering) and a ball python.

Vanquished Creatures
  Sigmund (D:2)
  Purgy (D:3)
  Ijyb (D:3)
  Natasha (D:2)
  Robin (D:4)
  7 adders
  4 oozes
  An adder skeleton (D:4)
  3 worms (D:2)
  4 dart slugs
  4 leopard geckos
  9 orcs
  4 ball pythons
  3 giant cockroaches
  11 hobgoblins
  4 jackals (D:4)
  4 bats
  5 frilled lizards
  15 goblins
  6 kobolds
  9 rats
98 creatures vanquished.

Notes
Turn   | Place    | Note
-------+----------+-------------------------------------------
     0 | D:1      | Chiseanne the Spriggan Assassin began the quest for the Orb.
     0 | D:1      | Reached XP level 1. HP: 10/10 MP: 2/2
    69 | D:1      | Reached skill level 6 in Stealth
   215 | D:1      | Reached XP level 2. HP: 12/14 MP: 3/3
   890 | D:2      | Reached XP level 3. HP: 17/18 MP: 4/4
   920 | D:2      | Found a sparkling altar of Nemelex Xobeh.
   925 | D:2      | Found a burning altar of Makhleb.
   961 | D:2      | Reached skill level 7 in Stealth
  1149 | D:2      | Reached XP level 4. HP: 22/22 MP: 5/5
  1459 | D:2      | Noticed Sigmund
  1460 | D:2      | Noticed Natasha
  1466 | D:2      | Killed Sigmund
  1466 | D:2      | Reached skill level 8 in Stealth
  1466 | D:2      | Reached XP level 5. HP: 25/25 MP: 6/6
  1466 | D:2      | Reached XP level 6. HP: 30/30 MP: 7/7
  1468 | D:2      | Killed Natasha
  1468 | D:2      | Reached skill level 9 in Stealth
  1648 | D:3      | Found a shattered altar of Ashenzari.
  1659 | D:3      | Became a worshipper of Ashenzari the Shackled
  1915 | D:3      | Found a hazy altar of Hepliaklqana.
  1927 | D:3      | Noticed Purgy
  2006 | D:3      | Killed Purgy
  2006 | D:3      | Reached skill level 5 in Dodging
  2258 | D:3      | Found an ornate altar of the Wu Jian Council.
  2313 | D:3      | Noticed Ijyb
  2325 | D:3      | Killed Ijyb
  2961 | D:3      | Found an opulent altar of Gozag.
  3076 | D:4      | Noticed Robin
  3084 | D:4      | Reached skill level 10 in Stealth
  3111 | D:4      | Killed Robin
  3111 | D:4      | Reached XP level 7. HP: 20/33 MP: 8/8
  3144 | D:4      | Killed from afar by an orc wizard

Skill      XL: |  1  2  3  4  5  6 |
---------------+-------------------+-----
Stealth        | 6 7 8 10 | 10.0
Dodging        | 2 3 4 5 |  5.3
Short Blades   | 3 4 |  4.5
Fighting       | |  1.5
Throwing       | |  2.0

Action                   |  1- 3 |  4- 6 |  7- 9 || total
-------------------------+-------+-------+-------++-------
Melee: Dagger            |    74 |   137 |       ||   211
       Hand axe          |       |    46 |     8 ||    54
       Mace              |       |    10 |       ||    10
 Fire: Blowgun           |    23 |    32 |       ||    55
Throw: Stone             |       |     8 |       ||     8
Invok: Curse Item        |       |     1 |       ||     1
  Use: Scroll            |     2 |     4 |     1 ||     7
       Potion            |       |     1 |       ||     1
 Stab: Sleeping          |     6 |    18 |       ||    24
       Distracted        |     1 |       |       ||     1
Armor: Robe              |     6 |    16 |     1 ||    23
       Skin              |       |    91 |       ||    91
Dodge: Dodged            |    45 |   161 |    15 ||   221
